 Dungeon Crawl Stone Soup version 0.23.2-30-g0e89c35649 (webtiles) character file.

Game seed: 9818807377126806375

215251 Hanswurst the Bludgeoner (level 19, -15/130 HPs)
             Began as a Gargoyle Gladiator on June 3, 2019.
             Was the Champion of Wu Jian.
             Demolished by a very large slime creature (39 damage)
             ... on level 3 of the Swamp on June 8, 2019.
             The game lasted 09:33:43 (46661 turns).

Hanswurst the Bludgeoner (Gargoyle Gladiator)      Turns: 46661, Time: 09:33:43

Health: -15/130    AC: 45    Str: 32    XL:     19   Next: 2%
Magic:  17/17      EV: 11    Int: 12    God:    Wu Jian [******]
Gold:   2421       SH: 11    Dex: 11    Spells: 18/18 levels left

rFire    . . .     SeeInvis +   a - +7 flail "Koyr" {crush, Str+7}
rCold    + . .     Gourm    .   D - +0 buckler
rNeg     + . .     Faith    .   e - +4 plate armour
rPois    ∞         Spirit   .   d - +2 hat {SInv}
rElec    +         Reflect  +   M - +0 cloak {rPois}
rCorr    .         Harm     .   N - +1 pair of gloves {archery}
MR       +....     Rnd*Rage +   (no boots)
Stlth    ..........             I - +4 amulet of reflection
HPRegen  0.31/turn              F - +2 ring of slaying
MPRegen  0.15/turn              U - +3 ring of protection

@: berserk cooldown, slowed, very slow
A: big wings, berserk 1, clever 1, cold resistance 1, low mp 1, negative energy
resistance 1, electricity resistance, unbreathing, petrification resistance, rot
immunity, MP-powered wands, AC +14
}: 1/15 runes: gossamer
a: Fly, Wall Jump, Serpent's Lash, Heavenly Storm, Renounce Religion


You were on level 3 of the Swamp.
You worshipped Wu Jian.
Wu Jian was exalted by your worship.
You were hungry.

You visited 7 branches of the dungeon, and saw 33 of its levels.

You collected 3111 gold pieces.
You spent 690 gold pieces at shops.

Inventory:

Hand Weapons
 a - the +7 flail "Koyr" (weapon) {crush, Str+7}
   (You found it on level 7 of the Dungeon)

   It inflicts extra damage upon your enemies.
   It affects your strength (+7).
 f - the +4 scimitar of Ashenzari {slice, +Inv Dex+2}
   (You found it on level 9 of the Dungeon)

   It inflicts extra damage upon your enemies.
   It affects your dexterity (+2).
   It lets you turn invisible.
 G - a +2 battleaxe of flaming
 Q - the cursed +14 obsidian axe {chop, +Fly SInv *Curse}
   (You found it on level 12 of the Dungeon)

   It inflicts extra damage upon your enemies.
   It lets you see invisible.
   It lets you fly.
   It curses itself when equipped.
   It has a curse placed upon it.
Missiles
 m - 1099 stones (quivered) {DANGER}
 n - 3 tomahawks of dispersal
 C - 4 throwing nets
Armour
 d - a +2 hat of see invisible (worn)
 e - a +4 plate armour (worn)
 D - a +0 buckler (worn)
 M - a +0 cloak of poison resistance (worn)
 N - a +1 pair of gloves of archery (worn)
Jewellery
 g - an uncursed ring of wizardry {unknown}
 u - an uncursed amulet of regeneration
 v - the ring "Amaof" {+Blink Int+4}
   (You found it on level 1 of the Orcish Mines)

   [ring of intelligence]

   It affects your intelligence (+4).
   It lets you blink.
 F - a +2 ring of slaying (left hand)
 I - a +4 amulet of reflection (around neck)
 U - a +3 ring of protection (right hand)
Wands
 b - a wand of flame (29)
 O - a wand of iceblast (31)
 T - a wand of scattershot (14)
Scrolls
 j - 3 scrolls of fear
 k - 10 scrolls of magic mapping
 l - 2 scrolls of silence
 p - 13 scrolls of identify
 r - 2 scrolls of blinking
 s - 11 scrolls of teleportation
 x - 7 scrolls of enchant weapon
 A - 8 scrolls of enchant armour
 K - 3 scrolls of summoning
 P - 7 scrolls of remove curse
 V - 2 scrolls of holy word
 X - 2 scrolls of torment
Potions
 c - 2 potions of resistance
 h - 2 potions of lignification
 i - a potion of magic {unknown}
 o - 4 potions of cancellation
 w - 14 potions of curing
 B - a potion of invisibility
 E - 2 potions of heal wounds
 H - 5 potions of agility
 L - 3 potions of flight
 S - 4 potions of might
 W - a potion of berserk rage
 Y - 5 potions of haste
 Z - 2 potions of ambrosia
Miscellaneous
 q - a lamp of fire
Comestibles
 t - 4 chunks of flesh
 J - 48 rations


   Skills:
 + Level 18.0 Fighting
 + Level 2.7(12.1) Axes
 + Level 18.8 Maces & Flails
 + Level 3.1 Throwing
 + Level 16.3 Armour
 + Level 6.4 Dodging
 + Level 5.0 Stealth
 + Level 13.3 Shields
 + Level 0.2 Evocations


You had 18 spell levels left.
You didn't know any spells.
Your spell library contained the following spells:

 Spells                   Type           Power        Failure   Level  Hunger
 Animate Skeleton         Necr           N/A          83%         1    ##.....
 Confusing Touch          Hex            #.....       83%         1    ##.....
 Corona                   Hex            #......      83%         1    ##.....
 Magic Dart               Conj           #...         83%         1    ##.....
 Pain                     Necr           #...         83%         1    ##.....
 Sandblast                Erth           #.....       83%         1    ##.....
 Summon Small Mammal      Summ           #...         83%         1    ##.....
 Blink                    Tloc           N/A          92%         2    ###....
 Call Imp                 Summ           #.......     92%         2    ###....
 Ensorcelled Hibernation  Hex/Ice        #.....       92%         2    ###....
 Passwall                 Tmut/Erth      #.......     92%         2    ###....
 Poisonous Vapours        Pois/Air       #.....       92%         2    ###....
 Slow                     Hex            #.......     92%         2    ###....
 Swiftness                Chrm/Air       #.......     92%         2    ###....
 Call Canine Familiar     Summ           #.......     99%         3    ####...
 Confuse                  Hex            #.......     99%         3    ####...
 Conjure Flame            Conj/Fire      #.......     99%         3    ####...
 Dazzling Spray           Conj/Hex       #.....       99%         3    ####...
 Gell's Gravitas          Tloc           #.........   99%         3    ####...
 Inner Flame              Hex/Fire       #.......     99%         3    ####...
 Mephitic Cloud           Conj/Pois/Air  #.......     99%         3    ####...
 Regeneration             Chrm/Necr      #.........   99%         3    ####...
 Stone Arrow              Conj/Erth      #.....       99%         3    ####...
 Summon Guardian Golem    Hex/Summ       #.......     99%         3    ####...
 Tukima's Dance           Hex            #.......     99%         3    ####...
 Vampiric Draining        Necr           #.........   99%         3    ####...
 Animate Dead             Necr           N/A          100%        4    #####..
 Leda's Liquefaction      Hex/Erth       #.........   100%        4    #####..
 Passage of Golubria      Tloc           N/A          100%        4    #####..
 Petrify                  Tmut/Erth      #.......     100%        4    #####..
 Summon Ice Beast         Ice/Summ       #.......     100%        4    #####..
 Summon Lightning Spire   Summ/Air       #.......     100%        4    #####..
 Borgnjor's Vile Clutch   Necr/Erth      #.........   100%        5    ######.
 Lee's Rapid Deconstruct  Erth           #.........   100%        5    ######.
 Metabolic Englaciation   Hex/Ice        #.........   100%        5    ######.
 Silence                  Hex/Air        #.........   100%        5    ######.
 Summon Mana Viper        Hex/Summ       #.......     100%        5    ######.
 Yara's Violent Unravell  Hex/Tmut       #.........   100%        5    ######.
 Darkness                 Hex            #.........   100%        6    #######
 Freezing Cloud           Conj/Ice/Air   #.........   100%        6    #######
 Invisibility             Hex            #.......     100%        6    #######
 Shadow Creatures         Summ           N/A          100%        6    #######
 Ring of Flames           Chrm/Fire      #.........   100%        7    #######


Dungeon Overview and Level Annotations

Branches:
Dungeon (15/15)            Temple (1/1) D:7            Lair (6/6) D:10
  Swamp (3/4) Lair:3       Spider (4/4) Lair:3        Slime (0/5) Lair:6
    Orc (2/2) D:10            Elf (2/3) Orc:2        Vaults (0/5) D:14
 Depths (0/5) D:15

Altars:
Ashenzari
Cheibriados
Dithmenos
Elyvilon
Fedhas
Gozag
Hepliaklqana
Kikubaaqudgha
Makhleb
Nemelex Xobeh
Okawaru
Qazlal
Ru
Sif Muna
Trog
Uskayaw
Vehumet
Wu Jian
Xom
Yredelemnul
Zin
The Shining One
Jiyva

Shops:
D:6 (=[   D:10 %[}   Orc:2 [*[[   Elf:1 (   Elf:2 =

Portals:
Trove: Elf:1 (give +5 demon whip)

Annotations:
D:14 Rupert
Swamp:2 2 transporters
Elf:2 2 runed translucent doors


Innate Abilities, Weirdness & Mutations

You are resistant to torment.
Your stone body is resilient. (AC +14)
You are immune to poison.
Your large and strong wings let you fly indefinitely.
You resist negative energy. (rN+)
You are resistant to electric shocks. (rElec)
You can survive without breathing.
You are immune to petrification.
You are immune to rotting.
You tend to lose your temper in combat.
Your mind is acute. (Int +2)
Your flesh is cold resistant. (rC+)
Your magical capacity is low. (-10% MP)
You expend magic power (3 MP) to strengthen your wands.


Message History

The slime creature is lightly wounded.
The slime creature closely misses you. The very large slime creature hits you.
You spin and attack the slime creature repeatedly.
You bludgeon the slime creature!!
The slime creature is severely wounded.
You bludgeon the slime creature!!
You kill the slime creature!
The Council accepts your kill.
You thump the very large slime creature!
The very large slime creature is lightly wounded.
You block the very large slime creature's attack.
You spin and attack the very large slime creature repeatedly.
You hit the very large slime creature.
The very large slime creature is lightly wounded.
You bludgeon the very large slime creature!!
The very large slime creature is moderately wounded.
The very large slime creature hits you!!
* * * LOW HITPOINT WARNING * * *
The very large slime creature hits you!!!
You die...

≈≈≈.≈..#####
≈≈≈...F#....
♣♣...##.....#
♣≈..# ......
♣≈..# ....≈.♣
.# ....≈§.♣♣
. #..≈≈≈≈≈♣♣♣
#≈≈≈.≈≈.§♣
..≈≈≈.≈≈J@♣♣
≈≈§.≈.≈≈≈..♣
≈≈.♣...≈≈≈?♣
≈. ♣≈♣.≈..♣♣
. ♣≈....≈♣♣
.≈≈≈...♣.
≈≈.♣♣♣♣.. .≈
♣


You could see a very large slime creature (pinned).

Vanquished Creatures
  Arachne (Spider:3)
  Gastronok (Lair:1)
  2 thorn hunters
  6 ghost moths (Spider:4)
  5 emperor scorpions
  6 entropy weavers
  2 spark wasps (Spider:4)
  The ghost of Sverke the Basher, a journeyman GrMo of Ashenzari (Orc:1)
  An ettin (D:15)
  A deep elf death mage (Elf:1)
  A fire dragon (D:15)
  A catoblepas (D:15)
  An ogre mage (D:15)
  12 hydras
  A ghost crab (Swamp:3)
  2 shambling mangroves
  6 centaur warriors
  4 alligators
  14 dancing weapons
  2 two-headed ogres (D:15)
  10 death yaks
  A tengu warrior (D:15)
  A queen ant (Spider:2)
  An orc high priest (Elf:1)
  8 deep elf knights (Elf:1)
  An unseen horror (D:15)
  A deep troll (D:15)
  The ghost of gre3edy the Wallflower, a novice DsFi of Uskayaw (D:8)
  2 spriggan druids (Swamp:3)
  The ghost of Renjy the Conjurer, a novice OpFE of Sif Muna (D:7)
  11 deep elf archers
  2 swamp dragons (Swamp:1)
  Pikel (D:7)
  7 orc knights
  14 orb spiders
  31 deep elf magi
  An ugly thing (D:11)
  7 cyclopes
  2 orc sorcerers
  33 wolf spiders
  8 elephants
  3 centaur zombies
  3 black mambas
  2 moths of wrath
  19 spiny frogs
  3 torpor snails
  2 rime drakes
  2 kobold demonologists (D:11)
  8 komodo dragons
  4 yaktaurs (D:15)
  2 polar bears
  13 demonic crawlers
  3 trolls
  A merfolk (D:12)
  12 tyrant leeches
  A tengu conjurer (D:14)
  53 jumping spiders
  A queen bee (D:9)
  14 blink frogs
  17 hornets
  3 bog bodies
  3 slime creatures (Swamp:3)
  5 dream sheep
  14 hippogriffs
  Sigmund (D:2)
  2 water elementals (Elf:1)
  48 tarantellas
  A wraith (D:13)
  74 redbacks
  38 yaks
  2 vampires
  2 air elementals
  16 spriggans
  3 wyverns
  2 basilisks (Lair:2)
  15 humans
  2 fire elementals (Elf:1)
  A steam dragon (D:11)
  3 hungry ghosts
  5 neqoxecs (Orc:1)
  17 vampire mosquitoes
  5 wargs
  14 swamp worms
  18 soldier ants (Spider:2)
  Duvessa (D:4)
  An acid dragon (D:11)
  11 water moccasins
  8 porcupines
  2 swamp drakes
  41 orc warriors
  2 sky beasts
  4 ice beasts
  7 black bears
  An eye of draining (D:11)
  5 boggarts (Lair:6)
  6 phantoms
  22 wolves
  19 centaurs
  16 ogres
  14 crocodiles
  A big kobold (D:13)
  19 bullfrogs
  A gnoll sergeant (D:5)
  2 earth elementals (Elf:1)
  A wyvern zombie (D:14)
  Dowan (D:4)
  A wyvern skeleton (D:9)
  31 scorpions
  29 killer bees
  8 electric eels
  2 howler monkeys
  6 crimson imps
  3 quasits
  5 hounds
  17 orc priests
  3 bullfrog zombies
  3 jellies
  30 orc wizards
  A bullfrog skeleton (D:4)
  An iguana (D:8)
  6 centaur skeletons
  32 worker ants
  A hound skeleton (D:9)
  A worker ant zombie (D:10)
  Robin (D:3)
  9 gnolls
  10 adders
  6 shadow imps
  An adder zombie (D:5)
  2 adder skeletons
  A worm (D:8)
  12 leopard geckos
  92 orcs
  A ball python (D:3)
  7 giant cockroaches
  13 goblins
  16 hobgoblins
  18 jackals
  16 kobolds
  5 quokkas
  7 bats
  6 frilled lizards
  6 rats
  3 fungi (Lair:2)
  4 plants
1272 creatures vanquished.

Vanquished Creatures (others)
  A spiny frog (Swamp:3)
  An orc (D:7)
  A quokka (D:8)
  A briar patch (Swamp:1)
  27 fungi
  8 plants
39 creatures vanquished.

Grand Total: 1311 creatures vanquished

Notes
Turn   | Place    | Note
-------+----------+-------------------------------------------
     0 | D:1      | Hanswurst the Gargoyle Gladiator began the quest for the
                  | Orb.
     0 | D:1      | Reached XP level 1. HP: 12/12 MP: 1/1
   201 | D:1      | Reached XP level 2. HP: 17/17 MP: 2/2
   700 | D:1      | Reached XP level 3. HP: 22/22 MP: 3/3
   912 | D:2      | Noticed Sigmund
  1216 | D:2      | Reached skill level 1 in Armour
  1218 | D:2      | Reached XP level 4. HP: 26/27 MP: 4/4
  1348 | D:2      | Gained mutation: You have a pair of small horns on your
                  | head. [potion of mutation]
  1348 | D:2      | Gained mutation: Your body sometimes deteriorates upon
                  | taking damage. [potion of mutation]
  1348 | D:2      | Gained mutation: Your flesh is cold resistant. (rC+)
                  | [potion of mutation]
  1752 | D:3      | Lost mutation: Your body sometimes deteriorates upon taking
                  | damage. [potion of mutation]
  1752 | D:3      | Lost mutation: You have a pair of small horns on your head.
                  | [potion of mutation]
  1752 | D:3      | Gained mutation: Your magical capacity is low. (-10% MP)
                  | [potion of mutation]
  1752 | D:3      | Gained mutation: Your mind is acute. (Int +2) [potion of
                  | mutation]
  1752 | D:3      | Gained mutation: You expend magic power (3 MP) to
                  | strengthen your wands. [potion of mutation]
  1888 | D:3      | Found a shadowy altar of Dithmenos.
  1960 | D:3      | Reached XP level 5. HP: 28/31 MP: 4/4
  2330 | D:3      | Found an ornate altar of the Wu Jian Council.
  2466 | D:3      | Reached skill level 5 in Maces & Flails
  2805 | D:3      | Noticed Robin
  2826 | D:3      | Reached XP level 6. HP: 37/37 MP: 5/5
  2879 | D:3      | Killed Robin
  3277 | D:4      | Noticed Dowan
  3277 | D:4      | Noticed Duvessa
  3741 | D:4      | Reached skill level 1 in Stealth
  3963 | D:5      | Entered Level 5 of the Dungeon
  4088 | D:5      | Reached XP level 7. HP: 33/42 MP: 6/6
  4418 | D:4      | Found a shattered altar of Ashenzari.
  4723 | D:4      | Killed Duvessa
  4732 | D:4      | Killed Dowan
  5006 | D:4      | Reached XP level 8. HP: 45/48 MP: 7/7
  6561 | D:6      | Reached skill level 5 in Armour
  6774 | D:6      | Found a glowing golden altar of the Shining One.
  6789 | D:6      | You fall through a shaft for 3 floors!
  6795 | D:9      | Got a blackened scimitar
  6804 | D:8      | Found a transporter.
  6834 | D:8      | Found a transporter.
  6834 | D:8      | Noticed gre3edy's ghost (novice DsFi)
  6851 | D:8      | Found a white marble altar of Elyvilon.
  6853 | D:8      | Noticed a hippogriff
  6921 | D:9      | Reached XP level 9. HP: 53/53 MP: 8/8
  6925 | D:9      | Found an opulent altar of Gozag.
  7045 | D:9      | Reached skill level 5 in Fighting
  7243 | D:9      | Reached skill level 1 in Shields
  7388 | D:7      | Got a brightly glowing flail
  7470 | D:6      | Identified the +7 flail "Koyr" {crush, Str+7} (You found it
                  | on level 7 of the Dungeon)
  7674 | D:6      | Found Xeum's Weapon Shop.
  7833 | D:6      | Found a radiant altar of Vehumet.
  7966 | D:6      | Found Ypiyxesm's Jewellery Shop.
  7970 | D:6      | Found Guhiesk's Antique Armour Shop.
  8286 | D:6      | Found an iron altar of Okawaru.
  8735 | D:7      | Found a staircase to the Ecumenical Temple.
  8885 | D:7      | Noticed Pikel
  9005 | D:7      | Killed Pikel
  9005 | D:7      | Reached skill level 10 in Maces & Flails
  9005 | D:7      | Reached XP level 10. HP: 61/61 MP: 9/9
  9171 | D:7      | Found a transporter.
  9171 | D:7      | Noticed a moth of wrath
  9181 | D:7      | Found a transporter.
  9185 | D:7      | Noticed Renjy's ghost (novice OpFE)
  9482 | D:7      | Identified the Incunabulum of the Oath
  9945 | D:8      | Found a snail-covered altar of Cheibriados.
 10089 | D:8      | Found a blossoming altar of Fedhas.
 11226 | D:9      | Reached XP level 11. HP: 62/68 MP: 9/9
 11546 | D:2      | Killed Sigmund
 11691 | D:10     | Entered Level 10 of the Dungeon
 12150 | D:10     | Found Boontipn's Antique Armour Boutique.
 12273 | D:10     | Found Simias's Gadget Shop.
 12418 | D:10     | Found a staircase to the Lair.
 12697 | D:10     | Found Wonoalla's Food Shop.
 12807 | D:10     | Found a staircase to the Orcish Mines.
 13150 | D:10     | Identified the +4 scimitar of Ashenzari {slice, +Inv Dex+2}
                  | (You found it on level 9 of the Dungeon)
 13451 | D:11     | Noticed a purple ugly thing
 13498 | D:11     | Killed a purple ugly thing
 13567 | D:11     | Got a dazzling falchion
 14156 | Temple   | Entered the Ecumenical Temple
 14411 | D:3      | Became a worshipper of the Wu Jian Council
 14659 | D:6      | You fall through a shaft for 3 floors!
 14737 | Orc:1    | Entered Level 1 of the Orcish Mines
 15148 | Orc:1    | Noticed an orc knight
 15251 | Orc:1    | Found a transporter.
 15254 | Orc:1    | Noticed Sverke's ghost (journeyman GrMo)
 15298 | Orc:1    | Reached * piety under Wu Jian
 15472 | Orc:1    | Found a transporter.
 15580 | Orc:1    | Noticed an orc sorcerer
 15587 | Orc:1    | Paralysed by an orc sorcerer for 4 turns
 15598 | Orc:1    | Killed an orc sorcerer
 15777 | Lair:1   | Entered Level 1 of the Lair of Beasts
 15839 | Lair:1   | Reached XP level 12. HP: 69/77 MP: 10/10
 16160 | Lair:1   | Noticed Gastronok
 16242 | Lair:1   | Reached ** piety under Wu Jian
 16268 | Lair:1   | Reached skill level 10 in Fighting
 16550 | Lair:1   | Noticed a six-headed hydra
 16562 | Lair:1   | Killed a six-headed hydra
 17082 | Lair:2   | Noticed a four-headed hydra
 17092 | Lair:2   | Killed a four-headed hydra
 17660 | Lair:2   | Noticed a seven-headed hydra
 17674 | Lair:2   | Killed a seven-headed hydra
 17907 | Lair:2   | Reached skill level 10 in Armour
 18068 | Lair:2   | Reached skill level 5 in Dodging
 18505 | Lair:3   | Noticed an eight-headed hydra
 18741 | Lair:3   | Found a hole to the Spider Nest.
 18782 | Lair:3   | Reached XP level 13. HP: 79/84 MP: 11/11
 18818 | Lair:3   | You fall through a shaft!
 18896 | Lair:4   | Reached *** piety under Wu Jian
 19288 | Lair:3   | Found a staircase to the Swamp.
 19817 | D:8      | Killed gre3edy's ghost
 19981 | D:10     | Upgraded the game from 0.23.2-11-gf996548c65 to
                  | 0.23.2-30-g0e89c35649
 20041 | Orc:2    | Entered Level 2 of the Orcish Mines
 20051 | Orc:2    | Found a staircase to the Elven Halls.
 20290 | Orc:2    | Reached skill level 5 in Shields
 20990 | Orc:2    | Reached **** piety under Wu Jian
 21733 | Orc:2    | Found Kiogicixzo's Antique Armour Boutique.
 21733 | Orc:2    | Found Egrotirph's Assorted Antiques.
 21735 | Orc:2    | Found Haapuh's Antique Armour Emporium.
 21737 | Orc:2    | Found Ojyo's Armour Shop.
 21875 | Orc:2    | Bought a pair of runed gloves for 232 gold pieces
 23137 | Lair:5   | Reached skill level 15 in Maces & Flails
 23191 | Lair:5   | Identified the +3 falchion of Cumn {freeze, Fragile rElec
                  | rC+} (You found it on level 11 of the Dungeon)
 23702 | Lair:6   | Entered Level 6 of the Lair of Beasts
 23743 | Lair:6   | Gained mutation: Your large and strong wings let you fly
                  | indefinitely. [Gargoyle growth]
 23743 | Lair:6   | Reached XP level 14. HP: 78/92 MP: 12/12
 24398 | Lair:5   | Reached ***** piety under Wu Jian
 24421 | Lair:5   | Reached skill level 1 in Axes
 24806 | Lair:6   | Found a viscous altar of Jiyva.
 24806 | Lair:6   | Found a staircase to the Slime Pits.
 25777 | Lair:6   | Reached XP level 15. HP: 100/100 MP: 13/13
 26735 | D:11     | Reached ****** piety under Wu Jian
 27508 | Spider:1 | Entered Level 1 of the Spider Nest
 30202 | Spider:2 | Reached XP level 16. HP: 77/107 MP: 14/14
 30312 | Spider:3 | Reached skill level 15 in Fighting
 31012 | Swamp:1  | Entered Level 1 of the Swamp
 31073 | Swamp:1  | Noticed a thorn hunter
 31468 | Spider:3 | Noticed Arachne
 31841 | D:7      | Killed Renjy's ghost
 32177 | Orc:1    | Gained mutation: You tend to lose your temper in combat. [a
                  | neqoxec]
 32193 | Orc:1    | Killed Sverke's ghost
 32215 | Orc:1    | Got the ring "Amaof" {Int+4}
 32347 | D:10     | Identified the ring "Amaof" {+Blink Int+4} (You found it on
                  | level 1 of the Orcish Mines)
 32536 | D:6      | Bought an uncursed ring of see invisible for 210 gold
                  | pieces
 32795 | Orc:2    | Bought a square blue amulet for 155 gold pieces
 32795 | Orc:2    | Bought a scroll of identify for 62 gold pieces
 32795 | Orc:2    | Bought a scroll labeled ERUNLU BASTROAD for 31 gold pieces
 32926 | Elf:1    | Entered Level 1 of the Elven Halls
 33489 | Elf:1    | Found a portal to a secret trove of treasure.
 33808 | Elf:1    | Reached skill level 10 in Shields
 34252 | Elf:1    | Found Qitaddui's Weapon Shop.
 35815 | Elf:2    | Reached XP level 17. HP: 115/115 MP: 15/15
 35997 | Elf:2    | Found Pucuzxee's Jewellery Shoppe.
 36114 | Elf:2    | Found a runed translucent door.
 36131 | Elf:2    | Reached skill level 15 in Armour
 36144 | Elf:2    | Found a runed translucent door.
 37057 | D:12     | Got an ancient hunting sling
 37353 | D:12     | Found the cursed +14 obsidian axe {chop, +Fly SInv *Curse}
 38752 | D:14     | Found a gate to the Vaults.
 38752 | D:14     | Noticed Rupert
 38755 | D:15     | Entered Level 15 of the Dungeon
 38885 | D:15     | Found a blossoming altar of Fedhas.
 39582 | D:15     | Found a staircase to the Depths.
 40535 | Spider:3 | Killed Arachne
 40686 | Spider:3 | Reached skill level 5 in Stealth
 41120 | Spider:4 | Entered Level 4 of the Spider Nest
 41201 | Spider:4 | Reached XP level 18. HP: 123/123 MP: 16/16
 43480 | Spider:4 | Got a gossamer rune of Zot
 44034 | Lair:1   | Killed Gastronok
 45390 | Swamp:2  | Found a transporter.
 45699 | Swamp:2  | Found a transporter.
 46641 | Swamp:3  | Reached XP level 19. HP: 45/130 MP: 17/17
 46661 | Swamp:3  | Demolished by a very large slime creature

Skill      XL: |  1  2  3  4  5  6  7  8  9 10 11 12 13 14 15 16 17 18 19 |
---------------+----------------------------------------------------------+-----
Throwing       | 2 3 |  3.1
Armour         | 1 2 3 4 5 7 8 9 10 11 12 13 14 15 16 | 16.3
Maces & Flails | 4 5 6 8 10 11 12 14 15 16 17 18 | 18.8
Fighting       | 3 4 6 8 9 11 12 13 14 16 17 18 | 18.0
Dodging        | 3 4 5 6 |  6.4
Stealth        | 1 2 3 4 5 |  5.0
Shields        | 1 2 3 4 6 7 9 10 11 13 | 13.3
Axes           | 2 |  2.7
Evocations     | |  0.2

Action                   |  1- 3 |  4- 6 |  7- 9 | 10-12 | 13-15 | 16-18 | 19-21 || total
-------------------------+-------+-------+-------+-------+-------+-------+-------++-------
Melee: Flail             |   118 |   219 |   381 |   848 |  1793 |  2131 |    17 ||  5507
       Headbutt          |       |     2 |       |       |       |       |       ||     2
       Battleaxe         |       |       |       |       |    14 |       |       ||    14
Throw: Stone             |       |     3 |    16 |    25 |    10 |     9 |       ||    63
       Throwing net      |       |     1 |     1 |       |       |       |       ||     2
Invok: Lunge             |       |       |       |    31 |   112 |   111 |       ||   254
       Whirlwind         |       |       |       |    44 |   608 |   650 |     2 ||  1304
 Abil: Wall Jump         |       |       |       |     1 |     5 |    34 |       ||    40
       Fly               |       |       |       |       |     2 |       |       ||     2
       Stop Flying       |       |       |       |       |     2 |       |       ||     2
Evoke: Wand              |       |       |       |     1 |     1 |     2 |       ||     4
  Use: Potion            |       |     2 |     1 |       |     1 |     5 |       ||     9
       Scroll            |       |       |     2 |    12 |     4 |    17 |       ||    35
 Stab: Distracted        |       |       |       |       |       |     2 |       ||     2
       Petrified         |       |       |       |       |       |     4 |       ||     4
       Confused          |       |       |       |       |       |     2 |       ||     2
  Eat: Chunk             |     1 |     9 |    31 |    28 |    40 |    46 |     1 ||   156
       Ration            |       |       |       |     1 |       |     3 |       ||     4
Armor: Chain mail        |    84 |   132 |   236 |   364 |   134 |       |       ||   950
       Leather armour    |     1 |       |       |       |       |       |       ||     1
       Plate armour      |       |       |       |       |  1058 |  1346 |     3 ||  2407
Dodge: Dodged            |    72 |    93 |   162 |   312 |   747 |   724 |     3 ||  2113
Block: Buckler           |       |       |    24 |    98 |   359 |   620 |     4 ||  1105
       Reflection        |       |       |       |       |       |     7 |       ||     7
